 Dungeon Crawl Stone Soup version 0.21.1-1-g345015f (webtiles) character file.

366 vatarom the Chopper (level 6, -9/56 HPs)
             Began as a Deep Dwarf Fighter on Apr 21, 2018.
             Mangled by an ogre
             ... wielding a +0 giant spiked club
              (18 damage)
             ... on level 5 of the Dungeon on Apr 22, 2018.
             The game lasted 00:05:36 (2772 turns).

vatarom the Chopper (Deep Dwarf Fighter)            Turns: 2772, Time: 00:05:37

Health: -9/56      AC:  6    Str: 20    XL:     6   Next: 40%
Magic:  4/4        EV:  7    Int:  8    God:
Gold:   193        SH: 10    Dex: 14    Spells: 5/5 levels left

rFire    . . .     SeeInvis .   a - +0 war axe
rCold    . . .     Gourm    .   c - +0 shield
rNeg     . . .     Faith    .   b - +0 scale mail
rPois    .         Spirit   .   (no helmet)
rElec    .         Reflect  .   (no cloak)
rCorr    .         Harm     .   (no gloves)
MR       +....                  (no boots)
Stlth    ..........             (no amulet)
HPRegen  0.00/turn              k - ring of protection from magic
MPRegen  0.09/turn              (no ring)

@: non-regenerating, hasted, very quick
A: damage resistance, heal wounds, sense surroundings 1, no regeneration
a: Heal Wounds


You were on level 5 of the Dungeon.
You were not hungry.

You visited 1 branch of the dungeon, and saw 5 of its levels.

You collected 193 gold pieces.

Inventory:

Hand Weapons
 a - a +0 war axe (weapon)
Armour
 b - a +0 scale mail (worn)
 c - a +0 shield (worn)
Jewellery
 k - a ring of protection from magic (left hand)
Scrolls
 g - 4 scrolls of remove curse {unknown}
 i - 7 scrolls of identify {unknown}
 j - 2 scrolls of blinking {unknown}
 n - a scroll of teleportation {unknown}
 p - a scroll of immolation {unknown}
 q - a scroll of enchant weapon {unknown}
Potions
 e - a potion of haste
 h - a potion of resistance {unknown}
 l - a potion of curing {unknown}
 m - a potion of flight {unknown}
 r - a potion of ambrosia
 s - a potion of degeneration {unknown}
 t - a potion of heal wounds {unknown}
Comestibles
 f - 16 rations


   Skills:
 + Level 3.3 Fighting
 * Level 6.0 Axes
 - Level 3.2 Armour
 + Level 5.0 Shields


You had 5 spell levels left.
You didn't know any spells.

Dungeon Overview and Level Annotations

Branches:
Dungeon (5/15)
 Temple: D:4-7

Altars:
Hepliaklqana
Kikubaaqudgha
Xom

Shops:
D:4 *


Innate Abilities, Weirdness & Mutations

You are resistant to damage.
You can heal yourself by infusing magical energy.
You passively map a small area around you.
You do not regenerate.


Message History

You aren't carrying any items that you can evoke.
It was a potion of haste.
You feel yourself speed up.
Unknown command.
Things that are here:
a club; a leather armour; a flail It was a potion of ambrosia.
You are confused.
You feel invigorated.
You bump into the rock wall.
You bump into the rock wall.
You bump into the rock wall.
You feel less invigorated.
You feel less confused.
The ogre hits you with a giant spiked club!!
* * * LOW HITPOINT WARNING * * *
You slice the ogre!!
The ogre is severely wounded.
You slash the ogre!
The ogre is almost dead.
The ogre hits you with a giant spiked club!!
You die...

*##.###........# ,
..............#.. , ..
###.###.#....##... ,
.#....=....
..........#########...#.......
#.###......##.#....#..........
* #......##.#..#..#.........
*, #......##.##.....# .......
#..........#..#..##....... ,
#......##@O#.............(
##.....##.).....##........
.......####.....##........ *
####.#..####.....##........ ,
,...............##........
,.......####.....##........ ,
, ,.#*.###* #.#'###########.
#.#.# #.#.########


You could see an ogre.

Vanquished Creatures
  A phantom (D:4)
  A bullfrog skeleton (D:5)
  An orc priest (D:3)
  2 worker ants (D:4)
  A hound skeleton (D:5)
  4 gnolls (D:4)
  2 adders
  6 worms
  A dart slug (D:1)
  3 leopard geckos
  11 orcs
  2 ball pythons
  5 bats
  4 giant cockroaches
  5 goblins
  A hobgoblin (D:2)
  6 jackals
  3 quokkas
  8 frilled lizards
  7 kobolds
  A quokka skeleton (D:5)
  8 rats
83 creatures vanquished.

Notes
Turn   | Place    | Note
-------+----------+-------------------------------------------
     0 | D:1      | vatarom the Deep Dwarf Fighter began the quest for the Orb.
     0 | D:1      | Reached XP level 1. HP: 20/20 MP: 1/1
   107 | D:1      | Reached XP level 2. HP: 22/27 MP: 2/2
   295 | D:1      | Reached skill level 3 in Axes
   790 | D:2      | Reached XP level 3. HP: 33/33 MP: 3/3
  1079 | D:2      | Found an ancient bone altar of Kikubaaqudgha.
  1080 | D:2      | Found a shimmering altar of Xom.
  1244 | D:2      | Found a hazy altar of Hepliaklqana.
  1441 | D:3      | Reached skill level 4 in Axes
  1531 | D:3      | Reached XP level 4. HP: 35/40 MP: 4/4
  1971 | D:4      | Found Pasoh's Assorted Antiques.
  1984 | D:4      | Reached XP level 5. HP: 33/46 MP: 4/4
  2230 | D:4      | Reached skill level 5 in Axes
  2314 | D:4      | Noticed a phantom
  2327 | D:4      | Killed a phantom
  2394 | D:4      | Reached XP level 6. HP: 25/56 MP: 5/5
  2638 | D:5      | Entered Level 5 of the Dungeon
  2696 | D:5      | Reached skill level 5 in Shields
  2711 | D:5      | Reached skill level 6 in Axes
  2772 | D:5      | Mangled by an ogre

Skill      XL: |  1  2  3  4  5  6 |
---------------+-------------------+-----
Axes           | 3 4 5 6 |  6.0
Shields        | 4 5 |  5.0
Fighting       | 3 |  3.3
Armour         | |  3.2

Action                   |  1- 3 |  4- 6 || total
-------------------------+-------+-------++-------
Melee: War axe           |   128 |   129 ||   257
 Abil: Heal Wounds       |     2 |     4 ||     6
  Use: Potion            |       |     3 ||     3
  Eat: Chunk             |     2 |     4 ||     6
Armor: Scale mail        |    47 |    59 ||   106
Dodge: Dodged            |    33 |    39 ||    72
Block: Shield            |    81 |    84 ||   165
